 Dungeon Crawl Stone Soup version 0.24.0-123-gd5b16e6ec5 (webtiles) character file.

Game seed: 3072426764693854250, levelgen mode: deterministic

3041 Napalmbreeze the Covert (level 9, -2/62 (64) HPs)
             Began as an Octopode Assassin on Jan 15, 2020.
             Was a Follower of Dithmenos.
             Slain by a hippogriff (4 damage)
             ... on level 8 of the Dungeon.
             The game lasted 00:32:35 (11228 turns).

Napalmbreeze the Covert (Octopode Assassin)        Turns: 11228, Time: 00:32:37

HP:   -2/62 (64)    AC:  1    Str: 10    XL:     9   Next: 86%
MP:   18/18         EV: 17    Int: 14    God:    Dithmenos [*.....]
Gold: 300           SH:  0    Dex: 16    Spells: 5/8 levels left

rFire    . . .     SeeInvis .   w - +2 dagger (protect)
rCold    . . .     Gourm    .   (no shield)
rNeg     . . .     Faith    .   (helmet restricted)
rPois    .         Spirit   .   s - amulet of harm
rElec    .         Reflect  .   e - ring of protection from magic
rCorr    .         Harm     +   m - ring of magical power
MR       +....                  (no ring)
Stlth    ++++++....             (no ring)
HPRegen  0.20/turn              (no ring)
MPRegen  0.16/turn              (no ring)
                                (no ring)
                                (no ring)

@: wreathed by umbra, invisible
A: almost no armour, stealthy swim, amphibious, 8 rings, constrict 8, camouflage
1, gelatinous body 1
a: Renounce Religion


You were on level 8 of the Dungeon.
You worshipped Dithmenos.
Dithmenos was aware of your devotion.
You were not hungry.

You visited 2 branches of the dungeon, and saw 9 of its levels.

You collected 443 gold pieces.
You spent 143 gold pieces at shops.

Inventory:

Hand Weapons
 j - a +0 rapier
 w - a +2 dagger of protection (weapon)
Missiles
 b - 20 poisoned darts (quivered)
 c - 2 curare-tipped darts
 f - a throwing net
Jewellery
 e - a ring of protection from magic (left tentacle)
 m - a ring of magical power (right tentacle)
 s - an amulet of harm (around mantle)
 y - an uncursed ring of positive energy {unknown}
Wands
 p - a wand of flame (15)
Scrolls
 g - 5 scrolls of remove curse
 h - 5 scrolls of teleportation
 i - a scroll of magic mapping
 k - a scroll of immolation
 n - a scroll of amnesia
 q - a scroll of enchant weapon
 u - a scroll of fog
 v - 2 scrolls of identify
Potions
 a - a potion of brilliance {unknown}
 o - 2 potions of haste
 t - a potion of agility {unknown}
 x - a potion of lignification {unknown}
 z - 2 potions of might
Comestibles
 d - 9 rations
 r - 3 chunks of flesh


   Skills:
 - Level 7.0 Fighting
 + Level 7.4 Short Blades
 - Level 2.0 Throwing
 + Level 5.9 Dodging
 - Level 10.2 Stealth
 + Level 2.9 Hexes


You had 5 spell levels left.
You knew the following spells:

 Your Spells              Type           Power        Failure   Level  Hunger
a - Confuse               Hex            #.......     26%         3    ####...

Your spell library contained the following spells:

 Spells                   Type           Power        Failure   Level  Hunger
 Confusing Touch          Hex            #.....       9%          1    ##.....
 Shock                    Conj/Air       #...         28%         1    ##.....
 Swiftness                Chrm/Air       #.......     41%         2    ###....
 Gell's Gravitas          Tloc           #.........   65%         3    ####...
 Static Discharge         Conj/Air       #.......     65%         3    ####...
 Airstrike                Air            #.........   96%         4    #####..
 Petrify                  Tmut/Erth      #.......     96%         4    #####..
 Metabolic Englaciation   Hex/Ice        #.........   99%         5    ######.
 Yara's Violent Unravell  Hex/Tmut       #.........   99%         5    ######.
 Lightning Bolt           Conj/Air       #.........   100%        5    ######.


Dungeon Overview and Level Annotations

Branches:
Dungeon (8/15)             Temple (1/1) D:6
   Lair: D:8-11

Altars:
Ashenzari
Cheibriados
Dithmenos
Elyvilon
Fedhas
Gozag
Hepliaklqana
Kikubaaqudgha
Makhleb
Nemelex Xobeh
Okawaru
Qazlal
Ru
Sif Muna
Trog
Uskayaw
Vehumet
Wu Jian
Xom
Yredelemnul
Zin
The Shining One

Shops:
D:5 %:?(!


Innate Abilities, Weirdness & Mutations

You cannot wear most types of armour.
You are very stealthy in the water. (Stealth+)
You are amphibious.
You can wear up to eight rings at the same time.
You can use your tentacles to constrict eight enemies at once.
Your skin changes colour to match your surroundings (Stealth+).
Your rubbery body absorbs attacks. (AC +1, EV +1)


Message History

The hippogriff misses you. The hippogriff completely misses you.
The hippogriff claws you!
* * * LOW HITPOINT WARNING * * *
The centaur shoots an arrow.
The arrow misses you.
Unknown command.
The centaur shoots an arrow.
The arrow misses you. The hippogriff completely misses you.
The hippogriff pecks you.
* * * LOW HITPOINT WARNING * * *
The hippogriff misses you.
The centaur shoots an arrow.
The arrow hits you!
* * * LOW HITPOINT WARNING * * *
You see here an arrow.
Unknown command.
Okay, then.
Unknown command.
Okay, then.
Unknown command.
You fade into invisibility!
The hippogriff closely misses you. The hippogriff misses you.
The hippogriff claws you.
You die...

*,,,,,***,*,***,**** *,*,,*,,,,
*****,,,,,........,* #.#..,,*,*
**,,,,,.......,####.#..#,*,,
#.#.*,,.....,,#.......*,***
#.#.*,,,....,,#......,*,*,,
**#....,**,..#**#......,*,..*
***,.....,***#.#####...#,##..#,
***,,,#.....####H#(.(....#......,
,,,,,,......#.c(@.>####........$,
,,,,,,........##..÷<.>.[.#......,
,,,,,,(...(....†.(..######,.....,
,,,,,,......####.<### *,*####*
******#.....* #### *,* #####**
*,* ***


You could see a hippogriff and a centaur.

Vanquished Creatures
  Edmund (D:5)
  3 orc warriors
  A sky beast (D:6)
  A necrophage (D:5)
  2 ogres
  2 centaurs
  Blork the orc (D:4)
  3 bullfrogs
  3 scorpions
  A water moccasin skeleton (D:7)
  6 killer bees (D:8)
  A centaur zombie (D:7)
  3 crimson imps
  7 orc priests
  A bullfrog skeleton (D:4)
  4 hounds
  7 iguanas
  9 orc wizards
  Crazy Yiuf (D:3)
  Terence (D:3)
  5 worker ants
  A hound skeleton (D:6)
  Robin (D:4)
  A worker ant zombie (D:6)
  7 adders
  11 gnolls
  A shadow imp (D:7)
  3 oozes
  2 worms (D:3)
  2 dart slugs (D:1)
  8 leopard geckos
  23 orcs
  3 giant cockroaches
  19 goblins
  9 hobgoblins
  7 jackals
  7 kobolds
  4 quokkas
  A ball python (D:1)
  A bat (D:3)
  4 frilled lizards
  A leopard gecko zombie (D:7)
  A quokka skeleton (D:4)
  A quokka zombie (D:6)
  6 rats
187 creatures vanquished.

Vanquished Creatures (others)
  4 toadstools (D:1)
4 creatures vanquished.

Grand Total: 191 creatures vanquished

Notes
Turn   | Place    | Note
-------+----------+-------------------------------------------
     0 | D:1      | Napalmbreeze the Octopode Assassin began the quest for the
                  | Orb.
     0 | D:1      | Reached XP level 1. HP: 14/14 MP: 1/1
   225 | D:1      | Reached XP level 2. HP: 19/19 MP: 2/2
   805 | D:1      | Reached XP level 3. HP: 18/25 MP: 3/3
   852 | D:2      | Found a sparkling altar of Nemelex Xobeh.
   864 | D:2      | You fall into a shaft and drop 2 floors!
   898 | D:4      | Noticed Robin
   910 | D:3      | HP: 1/25 [orc priest/divine providence (14)]
   962 | D:2      | Found a bloodstained altar of Trog.
   973 | D:2      | HP: 1/25 [hobgoblin[Robin] (4)]
  1480 | D:2      | Found an iron altar of Okawaru.
  1480 | D:2      | Found a hide-covered altar of Uskayaw.
  1481 | D:2      | Found a basalt altar of Yredelemnul.
  1648 | D:2      | Reached skill level 6 in Stealth
  1648 | D:2      | Reached XP level 4. HP: 30/30 MP: 4/4
  1713 | D:2      | Found a sacrificial altar of Ru.
  2324 | D:3      | Noticed Terence
  2372 | D:3      | Killed Terence
  2372 | D:3      | Reached XP level 5. HP: 17/36 MP: 5/5
  2769 | D:3      | Reached XP level 6. HP: 21/42 MP: 6/6
  3371 | D:3      | Found a runed translucent door.
  3372 | D:3      | Noticed Crazy Yiuf
  3700 | D:3      | Killed Crazy Yiuf
  3700 | D:3      | Reached skill level 7 in Stealth
  3803 | D:4      | Killed Robin
  4148 | D:4      | Reached XP level 7. HP: 28/47 MP: 7/7
  4579 | D:4      | Noticed Blork the orc
  4592 | D:4      | Killed Blork the orc
  4852 | D:5      | Entered Level 5 of the Dungeon
  4913 | D:5      | Found Inlimaxu's Food Shop.
  5119 | D:5      | Reached skill level 8 in Stealth
  5366 | D:5      | Found Enaufax's Magic Scroll Shoppe.
  5374 | D:5      | Bought a scroll of identify for 22 gold pieces
  5374 | D:5      | Bought a scroll of identify for 22 gold pieces
  5374 | D:5      | Bought a scroll of identify for 22 gold pieces
  5374 | D:5      | Bought a scroll of identify for 22 gold pieces
  5502 | D:5      | Reached skill level 5 in Short Blades
  5815 | D:5      | Reached XP level 8. HP: 42/54 MP: 8/8
  5933 | D:5      | Found Luqauckoes's Book Emporium.
  6062 | D:5      | Found a snail-covered altar of Cheibriados.
  6154 | D:5      | Found Seitz's Antique Weapon Emporium.
  6188 | D:5      | Found Edyoz's Distillery.
  6193 | D:5      | Bought a potion of degeneration for 11 gold pieces
  6193 | D:5      | Bought a potion of might for 44 gold pieces
  6767 | D:6      | Reached skill level 5 in Fighting
  6767 | D:6      | Reached skill level 9 in Stealth
  6924 | D:6      | Found a staircase to the Ecumenical Temple.
  6942 | Temple   | Entered the Ecumenical Temple
  7032 | Temple   | Became a worshipper of Dithmenos the Shadowed
  7386 | D:6      | Noticed Edmund
  7932 | D:5      | Killed Edmund
  7932 | D:5      | Reached skill level 10 in Stealth
  8134 | D:6      | Reached XP level 9. HP: 60/60 MP: 9/9
  9824 | D:7      | Learned a level 3 spell: Confuse
  9860 | D:7      | Reached skill level 5 in Dodging
 10325 | D:7      | Reached skill level 1 in Hexes
 10747 | D:8      | Noticed a two-headed ogre
 11102 | D:8      | Reached * piety under Dithmenos
 11227 | D:8      | HP: 2/62 [centaur/arrow (8)]
 11228 | D:8      | Slain by a hippogriff

Levels and vault maps discovered:
D:1:      ldierk_water_garden, layout_rooms, minmay_curled_crystal
D:2:      layout_basic, grunt_temple_overflow_open, bloody_trog
D:3:      layout_basic, uniq_terence, uniq_crazy_yiuf_cottage
D:4:      layout_loops_ring, first_ration, chequers_serial_rivers_micro_a,
          hangedman_decor_slide_cut, uniq_blork_the_orc, uniq_robin
D:5:      layout_layer_cave, lemuel_coloured_pillars_altar, serial_shops,
          kennysheep_little_box, shop, shop, nicolae_shop_overgrown_old_shop,
          shop
D:6:      layout_rooms, minmay_temple_entry_mini_moons, uniq_edmund
D:7:      layout_gridville
D:8:      layout_rooms, enter_ossuary_1, serial_shops, shop, david_nohive_1,
          corexii_leaking_fountain, uniq_gastronok
Temple:   lightli_temple_of_artemis

Skill      XL: |  1  2  3  4  5  6  7  8  9 |
---------------+----------------------------+-----
Dodging        | 2 3 4 5 |  5.9
Stealth        | 6 7 8 10 | 10.2
Fighting       | 3 4 6 7 |  7.0
Short Blades   | 3 5 6 7 |  7.4
Hexes          | 2 |  2.9
Throwing       | |  2.0

Action                   |  1- 3 |  4- 6 |  7- 9 || total
-------------------------+-------+-------+-------++-------
Melee: Dagger            |    48 |    82 |   278 ||   408
       Constrict         |     8 |    36 |    56 ||   100
       Tentacles         |     4 |    29 |    69 ||   102
       Rapier            |       |    52 |    64 ||   116
Throw: Dart              |     5 |     8 |    94 ||   107
Evoke: Wand              |       |       |     1 ||     1
  Use: Potion            |       |     2 |     2 ||     4
       Scroll            |       |     7 |     9 ||    16
 Stab: Sleeping          |    15 |    11 |    27 ||    53
       Distracted        |       |     1 |     4 ||     5
  Eat: Chunk             |     2 |     5 |    15 ||    22
       Ration            |       |     1 |     2 ||     3
Armor: Skin              |     3 |     8 |    52 ||    63
Dodge: Dodged            |    20 |    59 |   192 ||   271
